 Dungeon Crawl Stone Soup version 0.22-a0-223-g0f5d773 (webtiles) character file.

200 vishdafish the Slasher (level 5, 0/41 HPs)
             Began as a Demonspawn Gladiator on Feb 18, 2018.
             Killed by divine providence
             ... invoked by an orc priest
              (14 damage)
             ... on level 4 of the Dungeon.
             The game lasted 00:03:56 (3856 turns).

vishdafish the Slasher (Demonspawn Gladiator)       Turns: 3856, Time: 00:03:57

Health: 0/41       AC:  5    Str: 20    XL:     5   Next: 48%
Magic:  5/5        EV: 11    Int:  9    God:
Gold:   123        SH:  0    Dex: 14    Spells: 4/4 levels left

rFire    . . .     SeeInvis .   a - +0 long sword
rCold    . . .     Gourm    .   (no shield)
rNeg     . . .     Faith    .   b - +0 leather armour
rPois    .         Spirit   .   (helmet restricted)
rElec    .         Reflect  .   (no cloak)
rCorr    .         Harm     .   (no gloves)
MR       +....                  (no boots)
Stlth    +.........             (no amulet)
HPRegen  0.13/turn              s - ring of protection from magic
MPRegen  0.09/turn              w - +4 ring of strength

@: heavily drained
A: antennae 1, thin metallic scales 1, demonic guardian 1
a: no special abilities


You were on level 4 of the Dungeon.
You were not hungry.

You visited 1 branch of the dungeon, and saw 4 of its levels.

You collected 123 gold pieces.

Inventory:

Hand Weapons
 a - a +0 long sword (weapon)
 v - a +0 trident
Missiles
 d - 2 throwing nets (quivered)
 m - 2 exploding tomahawks
 A - 5 javelins
Armour
 b - a +0 leather armour (worn)
 c - a +0 helmet
Jewellery
 s - a ring of protection from magic (left hand)
 u - an uncursed ring of magical power
 w - a +4 ring of strength (right hand)
Scrolls
 e - 3 scrolls of remove curse {unknown}
 h - 6 scrolls of identify {unknown}
 i - a scroll of magic mapping {unknown}
 x - a scroll of teleportation {unknown}
 y - a scroll of blinking {unknown}
Potions
 g - 3 potions of curing
 j - 2 potions of lignification {unknown}
 k - a potion of might {unknown}
 l - a potion of brilliance {unknown}
 n - a potion of berserk rage {unknown}
 o - 2 potions of degeneration {unknown}
 p - 2 potions of haste {unknown}
 q - 2 potions of cancellation {unknown}
 r - a potion of flight {unknown}
 t - 3 potions of heal wounds {unknown}
 z - 2 potions of mutation {unknown}
Comestibles
 f - 4 rations
 B - a chunk of flesh


   Skills:
 + Level 3.0(1.0) Fighting
 * Level 4.1(2.0) Long Blades
 - Level 2.1(0.1) Throwing
 * Level 2.3(0.3) Armour
 - Level 3.0(0.9) Dodging


You had 4 spell levels left.
You didn't know any spells.

Dungeon Overview and Level Annotations

Branches:
Dungeon (4/15)
 Temple: D:4-7

Altars:
Okawaru
Qazlal
Trog
Xom


Innate Abilities, Weirdness & Mutations

You have a pair of small antennae on your head.
You are partially covered in thin metallic scales. (AC +2)
A weak demonic guardian rushes to your aid.


Message History

The orc closely misses your white imp.
Your white imp barely misses the orc.
You barely miss the orc. The orc hits you with a hand axe.
The orc closely misses your white imp. The orc hits your white imp.
Your white imp gestures at the orc.
The puff of frost hits the orc.
The orc dies!
The orc closely misses you.
The orc priest calls down the wrath of Beogh upon you.
Beogh smites you!
Items here: )) [[ †† You hit the orc.
The orc is almost dead.
The orc hits you.
The orc priest hits your white imp but does no damage.
Your white imp gestures at the orc.
The puff of frost hits the orc.
The orc dies!
The orc priest mumbles some strange prayers to Beogh against you.
Beogh smites you!
You die...

#######.#####.#
#.# #.# #.# #.#
# ###.## .#
#....# ..#
#..)5## ...#
#...@o# ....#
#####[##......
#..>._....
##........
#.......#
#.......#
#.##+##.. #.# .
#.#


You could see an orc priest and a friendly white imp.

Vanquished Creatures
  An orc priest (D:3)
  A howler monkey skeleton (D:2)
  3 adders
  2 oozes
  2 worms
  A leopard gecko (D:3)
  6 orcs
  10 bats
  5 giant cockroaches
  11 goblins
  6 hobgoblins
  11 jackals (D:1)
  3 quokkas
  A ball python (D:2)
  2 frilled lizards
  7 kobolds
  8 rats
80 creatures vanquished.

Vanquished Creatures (collateral kills)
  A howler monkey (D:3)
  5 orcs
  A kobold (D:3)
7 creatures vanquished.

Grand Total: 87 creatures vanquished

Notes
Turn   | Place    | Note
-------+----------+-------------------------------------------
     0 | D:1      | vishdafish the Demonspawn Gladiator began the quest for the Orb.
     0 | D:1      | Reached XP level 1. HP: 16/16 MP: 1/1
   394 | D:1      | Gained mutation: A weak demonic guardian rushes to your aid. [demonic ancestry]
   394 | D:1      | Reached XP level 2. HP: 16/22 MP: 2/2
   404 | D:1      | Reached skill level 3 in Long Blades
   854 | D:1      | Gained mutation: You have a pair of small antennae on your head. [demonic ancestry]
   854 | D:1      | Reached XP level 3. HP: 26/28 MP: 3/3
  2131 | D:2      | Reached skill level 1 in Armour
  2202 | D:2      | Found an iron altar of Okawaru.
  2230 | D:2      | Reached XP level 4. HP: 31/34 MP: 4/4
  2954 | D:3      | Found a stormy altar of Qazlal.
  3071 | D:3      | Gained mutation: You are partially covered in thin metallic scales. (AC +2) [demonic ancestry]
  3071 | D:3      | Reached XP level 5. HP: 27/40 MP: 5/5
  3116 | D:3      | Reached skill level 4 in Long Blades
  3160 | D:3      | Found a shimmering altar of Xom.
  3839 | D:4      | Found a bloodstained altar of Trog.
  3856 | D:4      | Killed from afar by an orc priest

Vault maps used:
D:1:      eino_arrival_cavern_a, grunt_decor_one_mirror
D:2:      okawaru_metal_pillars_1_2, first_ration
D:3:      xom_teletrap_fun, nicolae_qazlal_general_emergency
D:4:      nicolae_dithmenos_shadow_blocks, overflow_temple_1_default,
          elyvilon_altar_1, grunt_ministairs_14, kennysheep_opposing_triangles

Skill      XL: |  1  2  3  4  5 |
---------------+----------------+-----
Long Blades    | 3 4 |  4.1
Throwing       | 2 |  2.1
Dodging        | 3 |  3.0
Armour         | 1 2 |  2.3
Fighting       | 3 |  3.0

Action                   |  1- 3 |  4- 6 || total
-------------------------+-------+-------++-------
Melee: Long sword        |   135 |   123 ||   258
Throw: Throwing net      |       |     1 ||     1
  Use: Potion            |       |     1 ||     1
 Stab: Sleeping          |     1 |       ||     1
       Held in net/web   |       |     1 ||     1
  Eat: Ration            |     1 |       ||     1
       Chunk             |       |     6 ||     6
Armor: Leather armour    |    36 |    44 ||    80
Dodge: Dodged            |   104 |   113 ||   217
       Rpst.: Long sword |    33 |    40 ||    73

Table legend:
 A = Spawn XP
 B = Non-spawn XP
 C = Spawn XP percentage of total XP
 D = Spawn monster count
 E = Non-spawn monster count
 F = Spawn count percentage of total count
 G = Total turns spent on level
                    A         B        C        D         E        F      G
               +---------+---------+-------+---------+---------+-------+---------
         Total |       0 |     286 |   0.0 |       0 |      87 |   0.0 |  3856
               +---------+---------+-------+---------+---------+-------+---------
           D:1 |       0 |      48 |   0.0 |       0 |      28 |   0.0 |  1418
           D:2 |       0 |      68 |   0.0 |       0 |      21 |   0.0 |  1226
           D:3 |       0 |     156 |   0.0 |       0 |      33 |   0.0 |  1152
           D:4 |       0 |      14 |   0.0 |       0 |       5 |   0.0 |    60
               +---------+---------+-------+---------+---------+-------+---------
